Cogmind - Beta 13 X1 @@@ ROGUE MODE // 2023.07.07 @ 17:11:01 Player: biogoob Result: Destroyed by P-80 Master with Gamma Rifle Performance ------------- Evolutions (7) 3500 Regions Visited (16) 3200 Robots Destroyed (98) 490 Value Destroyed (3831) 3831 Prototype IDs (6) 120 Alien Tech Used (0) 0 Bonus (1192) 1192 TOTAL SCORE: 12333 Bonus ------- Entered Garrisons 200 Used RIF Installer 500 Entered DSFs 500 Friendly Fire -8 Cogmind --------- Core Integrity 0/1300 Matter 250/300 Energy 100/100 System Corruption 15% Temperature Cool (1) Movement Flying (45) Location -3/Research Parts ------- > --- POWER (2) -------- (None) > --- PROPULSION (5) --- Impulse Thruster Array > --- UTILITY (11) ----- (None) > --- WEAPON (3) ------- (None) > --- INVENTORY (5) ---- Linear Gravjet Improved Antigrav System Improved Light Armor Plating Faulty Precision Phase Gun Linear Accelerator Peak State ------------ > --- POWER ------------ Light Particle Reactor Micro Antimatter Reactor > --- PROPULSION ------- Antigrav System Improved Antigrav System Combat Antigrav System Combat Antigrav System Combat Antigrav System > --- UTILITY ---------- Enhanced Optical Array Improved Terrain Scan Processor Advanced Target Analyzer Improved Light Armor Plating Improved Light Armor Plating Improved Light Armor Plating Improved Light Armor Plating Makeshift Kinetic Plating Authchip [R/Combat] Authchip [Device] Advanced Corruption Screen > --- WEAPON ----------- Gamma Rifle Plasma Sword Lance > --- INVENTORY -------- Linear Gravjet Improved Antigrav System Improved Light Armor Plating Linear Accelerator Axe [Rating: 123] Favorites ----------- Power Improved Deuterium Engine Engine Improved Deuterium Engine Reactor Micro Antimatter Reactor Propulsion Improved Carbon-fiber Leg Leg Improved Carbon-fiber Leg Wheel Wheel Hover Unit Combat Antigrav System Flight Unit Nuclear Pulse Array Utility Medium Storage Unit Device Improved Sensor Array Storage Medium Storage Unit Processor Improved Signal Interpreter Hackware Authchip [Device] Protection Hardened Light Armor Plating Weapon Plasma Rifle Energy Gun Plasma Rifle Ballistic Gun Heavy Assault Rifle Ballistic Cannon Advanced Assault Cannon Launcher Heavy Rocket Launcher Special Weapon Molecular Deconstructor Slashing Weapon Plasma Sword Piercing Weapon Lance Build | -11 -10 -9 -9 -8 -8 -7 -6 -6 -6 -6 -5 -5 -5 -4 -4 -3 ------- Run | Jun Mat Mat Min Mat Gar Fac Fac Low Low Zio Pro Fac Ext Fac DSF Res Slots Evolved 14 | . . 2 . 2 . 2 2 . . . . 2 . 2 . 2 Power 1 | . . . . . . . . . . . . 1 . . . . Propulsion 3 | . . 1 . . . 1 . . . . . . . 1 . . Utility 9 | . . . . 2 . 1 2 . . . . 1 . 1 . 2 Weapon 1 | . . 1 . . . . . . . . . . . . . . Parts Attached 141 | 1 8 11 . 7 3 9 18 14 6 3 11 3 . 3 12 32 Power 13 | . 1 1 . . . 1 2 . . 1 1 1 . . 1 4 Engine 9 | . 1 1 . . . 1 2 . . 1 1 1 . . 1 . Core . | . . . . . . . . . . . . . . . . . Reactor 4 | . . . . . . . . . . . . . . . . 4 Propulsion 37 | . 1 6 . 3 . 3 3 2 1 . 1 . . 1 5 11 Treads . | . . . . . . . . . . . . . . . . . Leg 20 | . 1 6 . 3 . 3 3 2 1 . 1 . . . . . Wheel 1 | . . . . . . . . . . . . . . . . 1 Hover 13 | . . . . . . . . . . . . . . . 4 9 Flight 3 | . . . . . . . . . . . . . . 1 1 1 Utility 51 | 1 2 1 . 2 . 3 12 4 1 2 6 1 . 2 3 11 Device 18 | . . . . . . 2 4 3 1 1 5 1 . 1 . . Storage 4 | 1 1 1 . . . . . . . . . . . . . 1 Processor 9 | . 1 . . . . . 2 1 . . . . . 1 . 4 Hackware 4 | . . . . . . . . . . . . . . . 3 1 Protection 16 | . . . . 2 . 1 6 . . 1 1 . . . . 5 Artifact . | . . . . . . . . . . . . . . . . . Weapon 40 | . 4 3 . 2 3 2 1 8 4 . 3 1 . . 3 6 Energy Gun 15 | . 2 1 . . . 2 1 3 2 . 2 . . . . 2 Energy Cannon . | . . . . . . . . . . . . . . . . . Ballistic Gun 10 | . 2 2 . 1 3 . . 1 . . . . . . . 1 Ballistic Cannon 4 | . . . . 1 . . . 1 . . . 1 . . . 1 Launcher 5 | . . . . . . . . 2 2 . 1 . . . . . Special Weapon 1 | . . . . . . . . 1 . . . . . . . . Impact Weapon . | . . . . . . . . . . . . . . . . . Slashing Weapon 3 | . . . . . . . . . . . . . . . 1 2 Piercing Weapon 2 | . . . . . . . . . . . . . . . 2 . Special Melee Weapon . | . . . . . . . . . . . . . . . . . Unidentified Prototypes 3 | . . . . . . . . 1 . . . . . . . 2 Parts Lost 34 | . 1 . . . . 2 . 2 1 2 6 . . . 5 15 Power 4 | . 1 . . . . . . . . 1 . . . . . 2 Propulsion 9 | . . . . . . . . 1 . . 2 . . . 5 1 Utility 11 | . . . . . . 1 . . 1 . 1 . . . . 8 Weapon 10 | . . . . . . 1 . 1 . 1 3 . . . . 4 Highest Loss Streak 9 | . 1 . . . . 2 . 1 1 2 6 . . . 5 9 To Critical Strikes . | . . . . . . . . . . . . . . . . . Average Slot Usage (%) 90 | . 99 99 100 89 100 98 99 98 99 97 90 78 . 11 37 65 Engine 6 | . 13 11 11 9 9 7 6 6 6 6 6 5 . . 2 . Leg 22 | . 28 33 33 27 27 30 26 25 26 26 22 16 . . . . Hover 2 | . . . . . . . . . . . . . . . 10 15 Device 7 | . . . . . . 2 6 9 15 19 17 21 . 2 5 . Storage 6 | . 14 10 11 9 9 7 6 6 6 6 6 4 . . . . Processor 13 | . 13 11 11 9 9 7 7 18 20 20 20 16 . 4 5 12 Hackware 1 | . . . . . . . . . . . . . . . 3 10 Protection 7 | . . . . 7 18 18 23 11 3 . . . . . . 9 Energy Gun 8 | . 14 8 11 6 . 2 6 8 16 17 15 10 . . . . Ballistic Gun 8 | . 13 24 22 20 27 19 13 2 . . . . . . . . Naked Turns 158 | . . . . . . . . . . . . 9 48 8 . 93 Heaviest Build 54 | 18 21 26 26 44 42 50 54 52 46 37 38 39 . 5 27 53 Greatest Support 71 | 20 20 39 39 54 54 69 67 67 70 70 70 47 3 13 40 71 Greatest Overweight (x) 4 | . 1 . . . . . . . . . . . . . 4 3 Average Overweight (x) . | . . . . . . . . . . . . . . . . . Largest Inventory Capacity 10 | 8 10 10 10 10 10 10 10 10 10 10 10 10 5 5 5 10 Average Capacity 9 | 8 9 9 10 10 10 10 10 10 10 10 10 9 5 5 5 5 Most Carried 10 | 6 10 10 10 10 10 10 10 10 10 10 10 10 5 5 5 6 Average Carried 8 | 5 8 9 10 9 9 9 9 9 8 9 9 9 5 4 4 4 Final Capacity 10 | 8 10 10 10 10 10 10 10 10 10 10 10 5 5 5 5 5 Final Carried 10 | 5 10 10 10 9 10 10 10 9 10 10 10 5 5 5 4 5 Class Distribution -------------------- 32% | Mutant 26% | Gunner 15% | Scavenger-Tank 10% | Tank 7% | Scavenger-Gunner 7% | Scavenger-Mutant Dominant Class ---------------- Mutant | -10/Materials Gunner | -9/Materials Gunner | -9/Mines Gunner | -8/Materials Tank | -8/Garrison Scavenger-Tank | -7/Factory Scavenger-Tank | -6/Factory Scavenger-Gunner | -6/Lower Caves Gunner | -6/Lower Caves Gunner | -6/Zion Mutant | -5/Proximity Caves Mutant | -5/Factory Mutant | -5/Extension Mutant | -4/Factory Mutant | -4/DSF Mutant | -3/Research Resources | -11 -10 -9 -9 -8 -8 -7 -6 -6 -6 -6 -5 -5 -5 -4 -4 -3 ----------- Run | Jun Mat Mat Min Mat Gar Fac Fac Low Low Zio Pro Fac Ext Fac DSF Res Matter Collected 2938 | 216 159 94 . 162 205 364 411 502 139 10 186 93 . . 1 396 Remotely . | . . . . . . . . . . . . . . . . . Salvage Created 4030 | 110 451 214 . 214 205 392 498 562 44 18 246 60 . . . 1016 Parts 203 | 5 34 18 . 9 15 14 15 22 6 2 7 5 . . . 51 Haulers Intercepted . | . . . . . . . . . . . . . . . . . Recyclers Shooed . | . . . . . . . . . . . . . . . . . Parts Field Recycled . | . . . . . . . . . . . . . . . . . Retrieved Matter . | . . . . . . . . . . . . . . . . . Parts Self-Destructed 24 | . . . . . . . . 15 3 . 6 . . . . . Prevented . | . . . . . . . . . . . . . . . . . Kills | -11 -10 -9 -9 -8 -8 -7 -6 -6 -6 -6 -5 -5 -5 -4 -4 -3 ------- Run | Jun Mat Mat Min Mat Gar Fac Fac Low Low Zio Pro Fac Ext Fac DSF Res Combat Hostiles Destroyed 81 | . 15 5 . 5 5 5 5 19 7 . 5 1 . . . 9 Melee 9 | . . . . . . . . . . . . . . . . 9 Guns 45 | . 14 5 . 5 5 5 5 3 1 . 2 . . . . . Cannons 2 | . . . . . . . . 1 . . . 1 . . . . AOE 21 | . 1 . . . . . . 11 6 . 3 . . . . . Classes Destroyed 15 | 2 2 2 . . 1 . 1 4 . 1 . . . . . 2 Worker 6 | . . . . . . . . . . . . . . . . 6 Builder 1 | . . . . . . . . . . . . . . . . 1 Tunneler 2 | 1 . . . . . . 1 . . . . . . . . . Recycler 5 | 1 . . . . . 1 1 . . . . . . . . 2 Watcher 2 | . . 1 . . . . 1 . . . . . . . . . Swarmer 21 | . 6 1 . . . . . 6 7 . . . . . . 1 Grunt 27 | . 9 . . 3 3 2 4 1 . . 4 1 . . . . Brawler 3 | . . . . . . . . 3 . . . . . . . . Duelist 2 | . . . . . . . . 2 . . . . . . . . Sentry 13 | . . 4 . 2 1 3 . 1 . . . . . . . 2 Specialist 2 | . . . . . . . . 2 . . . . . . . . Hunter 5 | . . . . . 1 . . 2 . . . . . . . 2 Programmer 8 | . . . . . . . 1 2 . . 1 . . . . 4 Zionite 1 | . . . . . . . . . . 1 . . . . . . Tinkerer 1 | . . . . . . . . 1 . . . . . . . . Best Kill Streak 11 | 2 6 2 . 2 3 3 3 11 4 1 4 1 . . . 5 Combat Bots Only 10 | . 6 2 . 2 3 2 3 10 4 . 4 1 . . . 2 Max Kills in Single Turn 3 | 1 1 1 . 1 1 1 1 3 2 1 1 1 . . . 1 Gunslinging . | . . . . . . . . . . . . . . . . . Exploded 3 | . 1 . . . . . . 3 2 . 1 . . . . . Melee 1 | . . . . . . . . . . . . . . . . 1 Uniques/NPCs Destroyed . | . . . . . . . . . . . . . . . . . Combat | -11 -10 -9 -9 -8 -8 -7 -6 -6 -6 -6 -5 -5 -5 -4 -4 -3 -------- Run | Jun Mat Mat Min Mat Gar Fac Fac Low Low Zio Pro Fac Ext Fac DSF Res Damage Taken 9345 | . 509 143 . 285 429 396 215 1453 137 279 547 434 397 . 686 3435 Core 2967 | . 201 46 . 13 22 33 19 114 . 36 220 227 397 . 324 1315 Absorbed by Shields 58 | . . . . . . . . . . . . 58 . . . . Redirected to Shielding 93 | . . . . . . . . . . . 93 . . . . . Ignored by Resistances 82 | . . . . . . . 12 20 . 3 . . . . . 47 Regen/Repaired (Parts) 10 | . . 10 . . . . . . . . . . . . . . Core Remaining (%) 69 | 100 19 . 88 . 93 95 . . . . 54 . 37 . 71 . Volleys Fired 192 | 6 32 11 . 14 18 14 27 35 8 1 10 8 . . . 8 Largest 3 | 2 2 3 . 3 3 3 3 3 3 2 3 2 . . . 1 Hottest 240 | 60 112 111 . 111 74 107 131 203 240 160 229 166 . . . 75 Shots Fired 442 | 12 64 33 . 42 54 42 81 61 12 2 22 9 . . . 8 Gun 393 | 12 64 33 . 42 54 42 81 30 6 2 18 2 . . . 7 Cannon 14 | . . . . . . . . 6 . . . 7 . . . 1 Launcher 25 | . . . . . . . . 15 6 . 4 . . . . . Special 10 | . . . . . . . . 10 . . . . . . . . Kinetic 267 | 6 27 23 . 33 54 36 54 23 . . . 7 . . . 4 Thermal 123 | . 30 10 . 9 . 6 27 13 6 2 18 2 . . . . Explosive 25 | . . . . . . . . 15 6 . 4 . . . . . Electromagnetic 17 | 6 7 . . . . . . . . . . . . . . 4 Robot Hit Streak 24 | 2 7 16 . 8 8 24 9 16 9 5 8 4 . . . 3 Robot Miss Streak 6 | 3 5 5 . 5 6 1 6 3 1 . 1 3 . . . 4 Penetration Max . | . . . . . . . . . . . . . . . . . Secondary Targets 3 | . 2 . . . . . . . . . 1 . . . . . Max Gunslinging Chain 1 | . 1 . . . . . . . . . 1 . . . . . Shots Hit Robots 351 | 5 39 26 . 31 41 37 44 47 4 1 16 5 . . . 55 Core Hits 222 | 2 23 21 . 23 20 16 22 41 10 1 12 3 . . . 28 Critical Kills 1 | . . 1 . . . . . . . . . . . . . . Critical Parts Destroyed 2 | . . . . . . 2 . . . . . . . . . . Critical Strikes 13 | . 2 1 . . . 3 . . . . 1 1 . . . 5 Burn 4 | . 2 . . . . 1 . . . . 1 . . . . . Destroy 3 | . . 1 . . . 2 . . . . . . . . . . Blast 1 | . . . . . . . . . . . . 1 . . . . Sever 4 | . . . . . . . . . . . . . . . . 4 Impale 1 | . . . . . . . . . . . . . . . . 1 Melee Attacks 65 | . . . . . . . . . . . . . . . . 65 Impact . | . . . . . . . . . . . . . . . . . Slashing 45 | . . . . . . . . . . . . . . . . 45 Piercing 20 | . . . . . . . . . . . . . . . . 20 Sneak Attacks 12 | . . . . . . . . . . . . . . . . 12 Combat Hostiles 1 | . . . . . . . . . . . . . . . . 1 Follow-up Attacks 10 | . . . . . . . . . . . . . . . . 10 Damage Inflicted 9699 | 65 795 357 . 456 605 598 824 1986 720 21 522 132 . . . 2618 Guns 4399 | 61 568 357 . 456 605 598 824 488 50 21 268 24 . . . 79 Cannons 283 | . . . . . . . . 175 . . . 108 . . . . Explosions 2474 | . 227 . . . . . . 1323 670 . 254 . . . . . Melee 2528 | . . . . . . . . . . . . . . . . 2528 Ramming 15 | 4 . . . . . . . . . . . . . . . 11 Kinetic 2995 | 18 270 220 . 341 605 509 449 407 . . . 108 . . . 68 Thermal 1779 | . 444 137 . 115 . 89 375 256 50 21 268 24 . . . . Explosive 2247 | . . . . . . . . 1323 670 . 254 . . . . . Electromagnetic 135 | 43 81 . . . . . . . . . . . . . . 11 Impact . | . . . . . . . . . . . . . . . . . Slashing 1830 | . . . . . . . . . . . . . . . . 1830 Piercing 698 | . . . . . . . . . . . . . . . . 698 Highest Corruption 14 | . . . . . . . . . . . . 1 1 . . 14 Average Corruption 6 | . . . . . . . . . . . . 1 1 . . 7 Corruption Purged . | . . . . . . . . . . . . . . . . . Corruption Blocked 8 | . . . . . . . . . . . . . . . . 8 Effects 15 | . . . . . . . . . . . . . 1 . . 14 Matter Fused 3 | . . . . . . . . . . . . . . . . 3 Heat Flow Errors 3 | . . . . . . . . . . . . . 1 . . 2 Energy Discharges 2 | . . . . . . . . . . . . . . . . 2 Data Loss (minor) 3 | . . . . . . . . . . . . . . . . 3 Data Loss (major) 1 | . . . . . . . . . . . . . . . . 1 Misdirections 3 | . . . . . . . . . . . . . . . . 3 Overload Shots . | . . . . . . . . . . . . . . . . . Overflow Damage 408 | . . . . . . . . 28 101 . 11 . . . . 268 Projectiles 21 | . . . . . . . . 21 . . . . . . . . Explosions 119 | . . . . . . . . 7 101 . 11 . . . . . Melee 268 | . . . . . . . . . . . . . . . . 268 Knockbacks 1 | . . . . . . . . . . . . 1 . . . . Impact . | . . . . . . . . . . . . . . . . . Kinetic 1 | . . . . . . . . . . . . 1 . . . . Secondary . | . . . . . . . . . . . . . . . . . Self-Inflicted Damage 271 | . 63 . . . . . . 88 36 . 80 . . . . 4 Shots 9 | . 1 . . . . . . 3 1 . 4 . . . . . Rammed 3 | . . . . . . . . . . . . . . . . 3 Targets Rammed 4 | 1 . . . . . . . . . . . . . . . 3 Kicked 1 | 1 . . . . . . . . . . . . . . . . Crushed . | . . . . . . . . . . . . . . . . . Highest Temperature 643 | 20 325 233 . 484 271 245 522 501 270 100 643 46 432 . . 450 Average Temperature 140 | 15 110 84 . 264 91 85 177 116 139 58 296 15 324 . . 126 Received Heat Transfer 1758 | . 192 72 . 189 153 120 81 162 . . 147 185 367 . . 90 Effects 48 | . . . . 4 . 1 9 10 . . 7 . . . . 17 Shutdowns 11 | . . . . 2 . . 1 1 . . 2 . . . . 5 Energy Bleed 7 | . . . . 1 . 1 2 1 . . 1 . . . . 1 Interference 14 | . . . . . . . . 3 . . 2 . . . . 9 Matter Decay 3 | . . . . . . . 2 . . . 1 . . . . . Short Circuit 3 | . . . . . . . 2 1 . . . . . . . . Damage (minor) 4 | . . . . 1 . . 1 . . . . . . . . 2 Damage (major) 5 | . . . . . . . 1 4 . . . . . . . . Damage (core) 1 | . . . . . . . . . . . 1 . . . . . Siege Activations . | . . . . . . . . . . . . . . . . . Robots Corrupted . | . . . . . . . . . . . . . . . . . Combat Hostiles . | . . . . . . . . . . . . . . . . . Parts Fried . | . . . . . . . . . . . . . . . . . Impact Corruptions . | . . . . . . . . . . . . . . . . . Robots Melted . | . . . . . . . . . . . . . . . . . Combat Hostiles . | . . . . . . . . . . . . . . . . . Parts Melted 7 | . . . . . . . 4 . . . 3 . . . . . Heat Transferred 3812 | . 903 170 . 145 . 296 825 550 125 50 711 37 . . . . Parts Sabotaged . | . . . . . . . . . . . . . . . . . Parts Stolen . | . . . . . . . . . . . . . . . . . Parts Stripped . | . . . . . . . . . . . . . . . . . Power Chain Reactions . | . . . . . . . . . . . . . . . . . Missiles Intercepted . | . . . . . . . . . . . . . . . . . Alert | -11 -10 -9 -9 -8 -8 -7 -6 -6 -6 -6 -5 -5 -5 -4 -4 -3 ------- Run | Jun Mat Mat Min Mat Gar Fac Fac Low Low Zio Pro Fac Ext Fac DSF Res Peak Influence 374 | 10 374 312 60 183 272 248 193 . . . . 47 59 46 32 357 Initial 142 | . 6 117 60 23 118 142 47 . . . . . 22 28 32 2 Average 132 | 7 192 203 60 87 206 172 84 . . . . 9 26 35 20 134 Maximum Alert Level 1 | . 1 1 . . 1 1 . . . . . . . . . 1 Low Security (%) 72 | 100 53 44 100 100 39 51 100 . . . . 100 100 100 100 76 Level 1 27 | . 46 55 . . 60 48 . . . . . . . . . 23 Level 2 . | . . . . . . . . . . . . . . . . . Level 3 . | . . . . . . . . . . . . . . . . . Level 4 . | . . . . . . . . . . . . . . . . . Level 5 . | . . . . . . . . . . . . . . . . . High Security . | . . . . . . . . . . . . . . . . . Max Security . | . . . . . . . . . . . . . . . . . Squads Dispatched 16 | . 2 1 . 1 . 2 4 . . . . . 1 . 1 4 Investigation 4 | . . . . . . 1 2 . . . . . 1 . . . Extermination 4 | . . . . . . 1 1 . . . . . . . . 2 Reinforcement 7 | . 2 1 . . . . 1 . . . . . . . 1 2 Assault . | . . . . . . . . . . . . . . . . . Garrison 1 | . . . . 1 . . . . . . . . . . . . Intercept . | . . . . . . . . . . . . . . . . . Searches Triggered . | . . . . . . . . . . . . . . . . . Construction Impeded . | . . . . . . . . . . . . . . . . . Haulers Reinforced . | . . . . . . . . . . . . . . . . . Active Scanning Responses . | . . . . . . . . . . . . . . . . . Cargo Convoy Interrupts . | . . . . . . . . . . . . . . . . . Stealth | -11 -10 -9 -9 -8 -8 -7 -6 -6 -6 -6 -5 -5 -5 -4 -4 -3 --------- Run | Jun Mat Mat Min Mat Gar Fac Fac Low Low Zio Pro Fac Ext Fac DSF Res Distress Signals 4 | . 1 1 . 1 . . . . . . . . . . . 1 Communications Jammed . | . . . . . . . . . . . . . . . . . Distress Signals . | . . . . . . . . . . . . . . . . . Times Spotted 133 | . 21 7 . 6 5 5 10 18 5 3 5 7 4 . 4 33 Peak Tracking Total 10 | . 4 3 . 3 3 2 2 10 4 3 4 7 4 . 4 8 Tactical Retreats 5 | . . . . . . . . . . . . . . . 1 4 Traps | -11 -10 -9 -9 -8 -8 -7 -6 -6 -6 -6 -5 -5 -5 -4 -4 -3 ------- Run | Jun Mat Mat Min Mat Gar Fac Fac Low Low Zio Pro Fac Ext Fac DSF Res Traps Triggered 5 | . . . . . 2 1 1 . . . . . . . . 1 Indirectly . | . . . . . . . . . . . . . . . . . Trap Hack Attempts . | . . . . . . . . . . . . . . . . . Triggered . | . . . . . . . . . . . . . . . . . Disarmed . | . . . . . . . . . . . . . . . . . Reprogrammed . | . . . . . . . . . . . . . . . . . Reused . | . . . . . . . . . . . . . . . . . Traps Extracted . | . . . . . . . . . . . . . . . . . Installed . | . . . . . . . . . . . . . . . . . Triggered . | . . . . . . . . . . . . . . . . . Machines | -11 -10 -9 -9 -8 -8 -7 -6 -6 -6 -6 -5 -5 -5 -4 -4 -3 ---------- Run | Jun Mat Mat Min Mat Gar Fac Fac Low Low Zio Pro Fac Ext Fac DSF Res Machines Disabled 8 | . 2 . . . . . 3 3 . . . . . . . . Max in Single Turn 2 | . 2 . . . . . 1 1 . . . . . . . . Garrison Access 1 | . . . . . . . . . . . . 1 . . . . Machines Repaired . | . . . . . . . . . . . . . . . . . Machines Sabotaged . | . . . . . . . . . . . . . . . . . Overloaded Fab Kills . | . . . . . . . . . . . . . . . . . Hacking | -11 -10 -9 -9 -8 -8 -7 -6 -6 -6 -6 -5 -5 -5 -4 -4 -3 --------- Run | Jun Mat Mat Min Mat Gar Fac Fac Low Low Zio Pro Fac Ext Fac DSF Res Machines Accessed 26 | . 5 3 . 2 2 . 4 . . . . 3 1 2 . 4 Terminals 16 | . 4 1 . 1 2 . . . . . . 1 1 2 . 4 Fabricators 2 | . . . . . . . 1 . . . . 1 . . . . Repair Stations 2 | . . 1 . . . . 1 . . . . . . . . . Recycling Units 4 | . 1 1 . . . . 2 . . . . . . . . . Scanalyzers . | . . . . . . . . . . . . . . . . . Garrison Access 2 | . . . . 1 . . . . . . . 1 . . . . Total Hacks 57 | . 14 6 . 4 6 . 7 . . . . 5 3 4 . 8 Successful 25 | . 9 4 . 2 1 . 1 . . . . 3 1 2 . 2 Failed 32 | . 5 2 . 2 5 . 6 . . . . 2 2 2 . 6 Catastrophic 7 | . 1 . . . 2 . 1 . . . . . . . . 3 Database Lockouts . | . . . . . . . . . . . . . . . . . Manual 25 | . 9 . . 2 2 . 2 1 . . . 2 . 3 . 4 Terminals 40 | . 11 3 . 2 6 . . . . . . 3 3 4 . 8 Fabricators 3 | . . . . . . . 2 . . . . 1 . . . . Repair Stations 4 | . . 2 . . . . 2 . . . . . . . . . Recycling Units 7 | . 3 1 . . . . 3 . . . . . . . . . Scanalyzers . | . . . . . . . . . . . . . . . . . Garrison Access 3 | . . . . 2 . . . . . . . 1 . . . . Terminal Hacks 9 | . 2 1 . . 1 . . . . . . 1 1 1 . 2 Prototype ID Bank 1 | . . . . . . . . . . . . . . . . 1 Open Door 1 | . . . . . . . . . . . . . 1 . . . Open DSF 1 | . . . . . . . . . . . . . . 1 . . Locate Traps 3 | . 2 1 . . . . . . . . . . . . . . Zone Layout 2 | . . . . . . . . . . . . 1 . . . 1 Patrol Navigation 1 | . . . . . 1 . . . . . . . . . . . Fabricator Hacks . | . . . . . . . . . . . . . . . . . Repair Station Hacks 2 | . . 2 . . . . . . . . . . . . . . Scan Component 1 | . . 1 . . . . . . . . . . . . . . Repair 1 | . . 1 . . . . . . . . . . . . . . Recycling Unit Hacks 3 | . 1 1 . . . . 1 . . . . . . . . . Report Inventory 3 | . 1 1 . . . . 1 . . . . . . . . . Scanalyzer . | . . . . . . . . . . . . . . . . . Garrison Access Hacks 2 | . . . . 1 . . . . . . . 1 . . . . Unlock Access 1 | . . . . 1 . . . . . . . . . . . . Seal Access 1 | . . . . . . . . . . . . 1 . . . . Unauthorized Hacks 9 | . 6 . . 1 . . . . . . . 1 . 1 . . Terminals 7 | . 4 . . 1 . . . . . . . 1 . 1 . . Assimilate 1 | . 1 . . . . . . . . . . . . . . . Botnet 6 | . 3 . . 1 . . . . . . . 1 . 1 . . Fabricators . | . . . . . . . . . . . . . . . . . Repair Stations . | . . . . . . . . . . . . . . . . . Recycling Units 2 | . 2 . . . . . . . . . . . . . . . Monitor 1 | . 1 . . . . . . . . . . . . . . . Mask 1 | . 1 . . . . . . . . . . . . . . . Scanalyzers . | . . . . . . . . . . . . . . . . . Garrison Access . | . . . . . . . . . . . . . . . . . Data Cores Recovered . | . . . . . . . . . . . . . . . . . Used . | . . . . . . . . . . . . . . . . . Hacking Detections 22 | . 5 1 . 2 2 . 4 . . . . 2 1 1 . 4 Full Trace Events 2 | . . . . . . . 1 . . . . . 1 . . . Feedback Events . | . . . . . . . . . . . . . . . . . Feedback Blocked . | . . . . . . . . . . . . . . . . . Robot Schematics Acquired . | . . . . . . . . . . . . . . . . . Robots Built . | . . . . . . . . . . . . . . . . . Authchips . | . . . . . . . . . . . . . . . . . Time . | . . . . . . . . . . . . . . . . . Total Robot Build Rating . | . . . . . . . . . . . . . . . . . Part Schematics Acquired . | . . . . . . . . . . . . . . . . . Parts Built . | . . . . . . . . . . . . . . . . . Authchips . | . . . . . . . . . . . . . . . . . Time . | . . . . . . . . . . . . . . . . . Total Part Build Rating . | . . . . . . . . . . . . . . . . . Parts Repaired 1 | . . 1 . . . . . . . . . . . . . . Time 26 | . . 26 . . . . . . . . . . . . . . Parts Recycled . | . . . . . . . . . . . . . . . . . Recycled Matter . | . . . . . . . . . . . . . . . . . Retrieved Matter . | . . . . . . . . . . . . . . . . . Retrieved Components . | . . . . . . . . . . . . . . . . . Parts Scanalyzed . | . . . . . . . . . . . . . . . . . Part Schematics Acquired . | . . . . . . . . . . . . . . . . . Parts Damaged . | . . . . . . . . . . . . . . . . . Bothacking | -11 -10 -9 -9 -8 -8 -7 -6 -6 -6 -6 -5 -5 -5 -4 -4 -3 ------------ Run | Jun Mat Mat Min Mat Gar Fac Fac Low Low Zio Pro Fac Ext Fac DSF Res Used RIF Installer 1 | . . . . . 1 . . . . . . . . . . . Robots Hacked . | . . . . . . . . . . . . . . . . . Non-combat . | . . . . . . . . . . . . . . . . . Combat . | . . . . . . . . . . . . . . . . . Robot Hacks Applied . | . . . . . . . . . . . . . . . . . Relay Couplers Released . | . . . . . . . . . . . . . . . . . Fabnet Peak Effective % . | . . . . . . . . . . . . . . . . . Robots Rewired . | . . . . . . . . . . . . . . . . . Allies Hacked . | . . . . . . . . . . . . . . . . . Hacks Repelled . | . . . . . . . . . . . . . . . . . Allies | -11 -10 -9 -9 -8 -8 -7 -6 -6 -6 -6 -5 -5 -5 -4 -4 -3 -------- Run | Jun Mat Mat Min Mat Gar Fac Fac Low Low Zio Pro Fac Ext Fac DSF Res Total Allies 1 | . 1 . . . . . . . . . . . . . . . Largest Group 1 | . 1 . . . . . . . . . . . . . . . Highest-Rated Group 10 | . 10 . . . . . . . . . . . . . . . Highest-Rated Ally 10 | . 10 . . . . . . . . . . . . . . . Total Orders . | . . . . . . . . . . . . . . . . . Ally Attacks . | . . . . . . . . . . . . . . . . . Total Damage . | . . . . . . . . . . . . . . . . . Kills . | . . . . . . . . . . . . . . . . . Allies Corrupted . | . . . . . . . . . . . . . . . . . Allies Melted . | . . . . . . . . . . . . . . . . . Intel | -11 -10 -9 -9 -8 -8 -7 -6 -6 -6 -6 -5 -5 -5 -4 -4 -3 ------- Run | Jun Mat Mat Min Mat Gar Fac Fac Low Low Zio Pro Fac Ext Fac DSF Res Robot Analysis Total . | . . . . . . . . . . . . . . . . . Derelict Logs Recovered 4 | . . . . . . . . 2 . . 2 . . . . . Drone Launches . | . . . . . . . . . . . . . . . . . Drone Recoveries . | . . . . . . . . . . . . . . . . . Exploration | -11 -10 -9 -9 -8 -8 -7 -6 -6 -6 -6 -5 -5 -5 -4 -4 -3 ------------- Run | Jun Mat Mat Min Mat Gar Fac Fac Low Low Zio Pro Fac Ext Fac DSF Res Turns Passed 7794 | 56 720 449 112 252 400 527 783 964 902 135 969 335 48 105 72 965 Spaces Moved 6041 | 29 341 277 94 135 275 357 511 690 586 106 761 259 96 244 82 1198 Core 399 | . . . . . . . . . . . . 19 96 15 3 266 Treads . | . . . . . . . . . . . . . . . . . Legs 4402 | 29 341 277 94 135 275 357 511 690 586 106 761 240 . . . . Wheels 76 | . . . . . . . . . . . . . . . . 76 Hover 779 | . . . . . . . . . . . . . . . 67 712 Flight 385 | . . . . . . . . . . . . . . 229 12 144 Fastest Speed 28 | 120 120 120 120 120 120 120 120 120 120 120 120 50 50 40 28 45 Average Speed 104 | 120 167 120 120 120 120 120 120 120 120 120 120 114 50 40 53 57 Slowest Speed 250 | 120 190 120 120 120 120 120 120 120 120 120 120 120 50 50 250 200 Overloaded Moves . | . . . . . . . . . . . . . . . . . Propulsion Burnouts . | . . . . . . . . . . . . . . . . . Robots Hopped 1 | . . . . . . . . . . . . . . 1 . . Cave-ins Triggered . | . . . . . . . . . . . . . . . . . Exploration Rate (%) 35 | 3 55 27 33 13 34 8 15 86 69 12 87 9 24 6 86 33 Regions Visited 16 Branch Regions 6 Pre-discovered Areas . | . . . . . . . . . . . . . . . . . Known Exits Taken 8 | . . . . 1 . . 1 1 1 1 1 . 1 1 . . Unknown Exits Taken 6 | 1 1 1 1 . . 1 . . . . . 1 . . . . Scrap Searched 7 | . . . . . . . . 3 2 . 2 . . . . . Spaces Dug 1 | . . . . . . . . . . . . . . . . 1 Terrain Destroyed 306 | . 50 . . . . . . 132 82 . 39 1 . . . 2 Melee 1 | . . . . . . . . . . . . . . . . 1 Projectile 2 | . . . . . . . . . . . . 1 . . . 1 AOE 303 | . 50 . . . . . . 132 82 . 39 . . . . . Terrain Rammed . | . . . . . . . . . . . . . . . . . Walls Destroyed . | . . . . . . . . . . . . . . . . . Machines Disabled . | . . . . . . . . . . . . . . . . . Actions | -11 -10 -9 -9 -8 -8 -7 -6 -6 -6 -6 -5 -5 -5 -4 -4 -3 --------- Run | Jun Mat Mat Min Mat Gar Fac Fac Low Low Zio Pro Fac Ext Fac DSF Res Total 7056 | 39 432 375 93 198 309 429 627 762 771 111 800 290 95 247 106 1372 Wait 507 | . 34 57 . 32 . 40 59 17 169 . 14 17 . . 10 58 Move 6023 | 29 340 276 93 134 273 356 510 689 585 105 760 258 95 241 81 1198 Hop 1 | . . . . . . . . . . . . . . 1 . . Pick Up 48 | 1 8 10 . 4 4 3 2 1 2 1 1 2 . 2 1 6 Fast Attach 61 | 1 5 1 . 1 1 4 5 3 1 1 5 . . 2 11 20 Attach 28 | . 1 2 . 1 . 2 2 4 . 1 3 3 . 1 1 7 Detach 9 | . 1 . . . . 1 . 2 . . 1 . . . . 4 Swap 52 | . 2 8 . 5 2 3 11 7 5 1 3 . . . . 5 Drop 72 | 2 9 10 . 7 6 6 11 4 1 1 2 2 . . 2 9 Fire 192 | 6 32 11 . 14 18 14 27 35 8 1 10 8 . . . 8 Melee 53 | . . . . . . . . . . . . . . . . 53 Ram 4 | . . . . . . . . . . . . . . . . 4 Kick . | . . . . . . . . . . . . . . . . . Crush . | . . . . . . . . . . . . . . . . . Escape Stasis 5 | . . . . . 5 . . . . . . . . . . . Rewire 1 | . . . . . . . . . . . 1 . . . . . Trap . | . . . . . . . . . . . . . . . . . Miscellaneous . | . . . . . . . . . . . . . . . . . Route ------- -11/Junkyard -10/Materials -9/Materials -9/Mines -8/Materials (discovered 2 exits: [*Sto] / Gar) -8/Garrison -7/Factory -6/Factory -6/Lower Caves -6/Lower Caves (discovered 2 exits: *Fac / *Zio) -6/Zion -5/Proximity Caves -5/Factory (discovered 3 exits: Fac / Upp / *Ext) -5/Extension -4/Factory -4/DSF -3/Research History --------- Turn | Location | Event 10 | -11/Junkyard | Discovered new exit (range 3) 57 | -11/Junkyard | Entered Materials 313 | -10/Materials | Build established: Mutant 391 | -10/Materials | Core integrity fell below 50% 593 | -10/Materials | Core integrity fell below 20% 704 | -10/Materials | Discovered new exit (range 6) 777 | -10/Materials | Entered another Materials area 777 | -9/Materials | Evolved 2 slots: Propulsion x1, Weapon x1 1056 | -9/Materials | Repaired Med. Storage Unit 1194 | -9/Materials | Discovered new exit (range 7) 1226 | -9/Materials | Entered Mines 1266 | -9/Mines | Build established: Gunner 1310 | -9/Mines | Discovered new exit (range 9) 1338 | -9/Mines | Entered Materials 1338 | -8/Materials | Evolved 2 slots: Utility x2 1380 | -8/Materials | Discovered new exit (range 6) 1510 | -8/Materials | Garrison activated, responded to threat 1589 | -8/Materials | Identified exit to Garrison 1590 | -8/Materials | Entered Garrison 1616 | -8/Garrison | Triggered checkpoint 1803 | -8/Garrison | Build established: Tank 1808 | -8/Garrison | Installed Relay Interface Framework 1967 | -8/Garrison | Discovered new exit (range 15) 1990 | -8/Garrison | Entered Factory 1990 | -7/Factory | Evolved 2 slots: Propulsion x1, Utility x1 2261 | -7/Factory | Build established: Scavenger-Tank 2352 | -7/Factory | Discovered new exit (range 7) 2517 | -7/Factory | Entered another Factory area 2517 | -6/Factory | Evolved 2 slots: Utility x2 3286 | -6/Factory | Discovered new exit (range 13) 3299 | -6/Factory | Identified exit to Lower Caves 3300 | -6/Factory | Entered Lower Caves 3397 | -6/Lower Caves | Acquired the password to a Derelict Tinkerer's latest research 3455 | -6/Lower Caves | Found Prototype Special Weapon 3455 | -6/Lower Caves | Identified Molecular Deconstructor 3536 | -6/Lower Caves | Caught by Unaware searching for contraband prototypes 3665 | -6/Lower Caves | Attracted the attention of an 0b10 outpost 3697 | -6/Lower Caves | Destroyed 10 combat bots 3796 | -6/Lower Caves | Caught by Unaware searching for contraband prototypes 3835 | -6/Lower Caves | Learned 12 Factory zone layouts 3959 | -6/Lower Caves | Discovered new exit (range 13) 3971 | -6/Lower Caves | Identified exit to Lower Caves 4050 | -6/Lower Caves | Learned 4 Factory zone layouts 4103 | -6/Lower Caves | Build established: Scavenger-Gunner 4264 | -6/Lower Caves | Entered another Lower Caves area 4264 | -6/Lower Caves | Discovered new exit (range 15) 4280 | -6/Lower Caves | Identified exit to Factory 5030 | -6/Lower Caves | Build established: Gunner 5078 | -6/Lower Caves | Discovered new exit (range 12) 5156 | -6/Lower Caves | Identified exit to Zion 5166 | -6/Lower Caves | Entered Zion 5214 | -6/Zion | Given the Hacking Drone Bay 5227 | -6/Zion | RIF detected upon attempting to enter Zion 5227 | -6/Zion | Attacked by Zionites 5227 | -6/Zion | Spotted NC-HZ3(B) 5227 | -6/Zion | Spotted 9F-D9I(B) 5290 | -6/Zion | Discovered new exit (range 10) 5299 | -6/Zion | Identified exit to Proximity Caves 5301 | -6/Zion | Entered Proximity Caves 5666 | -5/Proximity Caves | Learned Factory terminal intel 5831 | -5/Proximity Caves | Lost 6 parts (2n1u3w) 6082 | -5/Proximity Caves | Learned Factory terminal intel 6088 | -5/Proximity Caves | Build established: Mutant 6158 | -5/Proximity Caves | Discovered exit to Factory (range 15) 6270 | -5/Proximity Caves | Entered Factory 6270 | -5/Factory | Evolved 2 slots: Power x1, Utility x1 6271 | -5/Factory | Identified exit to Upper Caves 6271 | -5/Factory | Identified exit to Factory 6272 | -5/Factory | Loaded intel: 25 terminal locations 6596 | -5/Factory | Released all parts (16) 6597 | -5/Factory | Discovered new exit (range 16) 6605 | -5/Factory | Entered Extension 6644 | -5/Extension | Spotted B-75 Beast 6646 | -5/Extension | Spotted B-75 Beast 6651 | -5/Extension | Core integrity fell below 50% 6652 | -5/Extension | Discovered exit to Factory (range 3) 6653 | -5/Extension | Entered Factory 6653 | -4/Factory | Evolved 2 slots: Propulsion x1, Utility x1 6654 | -4/Factory | Loaded intel: 26 terminal locations 6703 | -4/Factory | Found Quantum Capacitor 6755 | -4/Factory | Identified exit to DSF 6758 | -4/Factory | Entered DSF 6799 | -4/DSF | Additional patrols routed to DSF 6808 | -4/DSF | Discovered new exit (range 14) 6830 | -4/DSF | Entered Research 6830 | -3/Research | Evolved 2 slots: Utility x2 6856 | -3/Research | Lost 5 parts (5n) 6867 | -3/Research | Spotted B-86 Titan 7312 | -3/Research | Lost 5 parts (3u2w) 7462 | -3/Research | Build established: Scavenger-Mutant 7627 | -3/Research | Released all parts (11) 7654 | -3/Research | Lost 9 parts (2p1n4u2w) 7681 | -3/Research | System corruption reached 10% 7694 | -3/Research | Core integrity fell below 50% 7738 | -3/Research | Core integrity fell below 20% 7740 | -3/Research | Spotted B-86 Titan 7795 | -3/Research | Destroyed by P-80 Master with Gamma Rifle Last Messages --------------- 07672_ System corrupted: Component data lost. 07706_ P-80 Master resets K-01 Serf, system corruption cleaned. 07707_ Door malfunctions. 07712_ System corrupted: Matter fused (-9). 07715_ P-80 Master resets A-15 Conveyor, system corruption cleaned. 07717_ P-80 Master resets P-80 Master, system corruption cleaned. 07729_ Acquired Impulse Thruster Array. 07738_ K-01 Serf cleans the Graviton Restrictor. 07744_ Knocked back. 07744_ Penetrated by Slug. 07746_ System corrupted: Matter fused (-6). 07749_ K-01 Serf destroyed. 07749_ K-01 Serf collects debris. 07749_ R-10 Processor collects Wheel. 07750_ P-80 Master resets R-10 Processor, system corruption cleaned. 07752_ K-01 Serf collects debris. 07763_ Penetrated by Slug. 07763_ Slug penetrates Wall. 07767_ System corrupted: Component data lost. 07783_ System corrupted: Heat flow error (+224). Map ----- +----------------------------------------------------+ | ???????????? #???????????# | | ????????#+## #???????????# | | ????????# #???????????# | | ????????# #???????????# | | ????????# #???????????# | | ????????+ #???????????# | | ????????# #???????????# | | ????????# #???????????# | | ?######?# ############# | | ?# # | | ?# ! # #######+##### | | ?# + #???? ??# | | ?# # p #?? ! # | | ?# # #?# # | | ?# ?# #?# + | | ?######?# p #?# # | | ?????#### #?# # | | ?????# #?# # | | ?????# #?# [# | | ?????# ############# | | ?????# ???? | | ?????# ???? | | ?????# ???? | | ?????# ???? ?? | | ###??# ##### ????????? | | # ?#@#????###+#####?????????? | | # ?# #??????????????????????? | | # # #??????????????????????? | | # # #??????????????????????? | | # + #??????????????????????? | | # ###??????????????????????? | | # ?????????????????????????? | | # ??????????????????????????? | | # ??????????????????????????? | | ###???????????????????????????? | | | | | | | | | | | | | | | | | | | | | | | | | | | | | | | +----------------------------------------------------+ Best States ------------- Heat Dissipation 67 Energy Generation 37 Energy Capacity 300 Matter Stores 300 Matter Capacity 300 Sight Range 22 Robot Scan Range 15 Terrain Scan Density 110 ECM Strength 1 Corruption Block 20 Armor Coverage 700 Resistance: KI 10 Resistance: EM 15 Propulsion Shielding 66 Weapon Cycling 30 Evasion (%) 62 Targeting Accuracy 8 Target Analysis 8 Core Analysis 6 Defensive Hacking 10 Authchip Count 3 Item Schematics ----------------- None Robot Schematics ------------------ None Fabricated ------------ Nothing Alien Tech Used ----------------- None Achievements -------------- None Challenges ------------ None Game ------ Seed ArmoredFocalMembrane Manual? 0 Play Time 01:08:42 Cumulative 132.7 hours Start 2023.07.07 @ 14:21:41 End 2023.07.07 @ 17:11:01 Sessions 15 Manual Loads 0 Difficulty Rogue Special Mode None Game No. 150 Rogue 127 Adventurer 19 Explorer 4 Win Type - Total 1 Types 0/0/1/0/0/0/0/0/0 Lore% 51 Gallery% 57 Achievement% 46 Wizard Run 0 Options --------- ASCII 1 Keyboard 1 Movement Vi Keybinds 0 Fullscreen 2 Font 18/Terminus Map View 76x50 Tactical HUD 1 Map Filters NONE Filters LOW_CONTRAST(47,30,31)|SATURATION(70) Steam 1 RUN: acc139bb-a9b3-47ae-b635-5d6c47f15b42